 Dungeon Crawl Stone Soup version 0.30-a0-134-gb40fab5c76 (webtiles) character file.

Game seed: 2887156669764364797

149 Nedwor the Cutter (level 5, -4/41 HPs)
             Began as a Demonspawn Gladiator on Sept 20, 2022.
             Slain by a gnoll
             ... wielding a +0 flail
              (8 damage)
             ... on level 4 of the Dungeon.
             The game lasted 00:02:39 (3097 turns).

Nedwor the Cutter (Demonspawn Gladiator)            Turns: 3097, Time: 00:02:40

Health: -4/41      AC:  6    Str: 17    XL:     5   Next: 9%
Magic:  5/5        EV: 12    Int:  9    God:
Gold:   154        SH:  0    Dex: 14    Spells: 4/4 levels left

rFire   . . .      SeeInvis .    a - +0 rapier
rCold   . . .      Faith    .    (no shield)
rNeg    . . .      Spirit   .    b - +0 leather armour
rPois   .          Reflect  .    c - +1 helmet
rElec   .          Harm     .    (no cloak)
rCorr   .          Rampage  .    m - +0 pair of gloves
Will    .....                    (no boots)
Stlth   +.........               (no amulet)
HPRegen 0.13/turn                (no ring)
MPRegen 0.09/turn                (no ring)

@: no status effects
A: spiny 1, demonic magic 1
a: no special abilities


You were on level 4 of the Dungeon.
You visited 1 branch of the dungeon, and saw 4 of its levels.

You collected 154 gold pieces.

Inventory:

Hand Weapons
 a - a +0 rapier (weapon)
Armour
 b - a +0 leather armour (worn)
 c - a +1 helmet (worn)
 m - a +0 pair of gloves (worn)
Jewellery
 d - the amulet of Kabloal {Spirit rF+ Str+4}
   (You found it on level 3 of the Dungeon)

   [amulet of guardian spirit]

   It causes incoming damage to be divided between your reserves of health and
   magic.
   Str:       It affects your strength (+4).
   rF:        It protects you from fire.
 f - an amulet of regeneration
Scrolls
 e - 2 scrolls of identify {unknown}
 g - 3 scrolls of blinking
 h - a scroll of amnesia {unknown}
 i - a scroll of fear {unknown}
Potions
 j - a potion of lignification {unknown}


   Skills:
 + Level 3.0 Fighting
 * Level 3.9 Short Blades
 - Level 1.7 Throwing
 + Level 1.7 Armour
 + Level 3.3 Dodging


You had 4 spell levels left.
You didn't know any spells.
Your spell library contained the following spells:

 Spells                   Type           Power      Damage    Failure   Level
 Static Discharge         Conj/Air       0%         2-2/arc   58%         2
 Dispel Undead            Necr           0%         3d6       99%         4
 Sticky Flame             Conj/Fire      0%         2d3       99%         4


Dungeon Overview and Level Annotations

Branches:
Dungeon (4/15)
 Temple: D:4-7

Altars:

Shops:
D:3 [


Innate Abilities, Weirdness & Mutations

You are partially covered in sharp spines.
Spells you cast may paralyse adjacent enemies.


Message History

You now have 154 gold pieces (gained 7).
Found 4 stones.
A gnoll comes into view. It is wielding a +0 flail.
Found a leather armour.
The gnoll shouts!
You hear a shout!
A gnoll comes into view. It is wielding a +0 whip.
A gnoll comes into view. It is wielding a +0 flail.
The gnoll shouts!
Search for what [Enter for "armor", or ? for help]? blade A gnoll comes into view.
It is wielding a +0 flail.
The gnoll shouts!
You hit the gnoll.
The gnoll is lightly wounded.
The gnoll hits you with a +0 flail.
You hit the gnoll but do no damage.
The gnoll is lightly wounded.
You puncture the gnoll!
The gnoll is heavily wounded.
The gnoll misses you. The gnoll hits you with a +0 flail!
You hit the gnoll.
The gnoll is severely wounded.
The gnoll is struck by your spines. The gnoll hits you with a +0 flail. x2
You hit the gnoll.
You kill the gnoll!
The gnoll barely misses you.
Your Fighting skill increases to level 3!
You hit the gnoll.
The gnoll is lightly wounded.
The gnoll is struck by your spines. The gnoll hits you with a +0 flail!
* * * LOW HITPOINT WARNING * * *
The gnoll hits you with a +0 flail!
* * * LOW HITPOINT WARNING * * *
You barely miss the gnoll.
The gnoll is lightly wounded.
The gnoll is struck by your spines. The gnoll barely misses you.
The gnoll is struck by your spines. The gnoll barely misses you.
You puncture the gnoll!
You kill the gnoll!
The gnoll is struck by your spines. The gnoll hits you with a +0 flail!
You die...

. .##.# #. #....#
.####.... ..##...#..
#.##...#.# #.##...#.#
..(####g.#...#.####
......g@........>.
[..######..###.#.#######
##.###.#.##...).
#.......##.####
#####.#...?.# #.......#
###.###...) ...#####.##
#### .....^....##


You could see 2 gnolls.

Vanquished Creatures
  A jelly (D:4)
  2 gnolls (D:4)
  5 adders
  A worm (D:2)
  3 dart slugs (D:1)
  7 endoplasms
  A giant cockroach (D:2)
  5 goblins
  3 hobgoblins
  3 jackals (D:3)
  5 kobolds
  3 quokkas
  8 ball pythons
  5 bats
  2 frilled lizards
  4 rats
58 creatures vanquished.

Vanquished Creatures (others)
  4 plants (D:3)
4 creatures vanquished.

Grand Total: 62 creatures vanquished

Notes
Turn   | Place    | Note
-------+----------+-------------------------------------------
     0 | D:1      | Nedwor the Demonspawn Gladiator began the quest for the
                  | Orb.
     0 | D:1      | Reached XP level 1. HP: 16/16 MP: 1/1
   210 | D:1      | Gained mutation: Spells you cast may paralyse adjacent
                  | enemies. [demonic ancestry]
   210 | D:1      | Reached XP level 2. HP: 22/22 MP: 2/2
   681 | D:2      | Reached XP level 3. HP: 27/28 MP: 3/3
   685 | D:2      | Reached skill level 1 in Armour
  1345 | D:2      | Found a faded altar of an unknown god.
  1932 | D:3      | Identified the amulet of Kabloal {Spirit rF+ Str+4}
  1961 | D:3      | Gained mutation: You are partially covered in sharp spines.
                  | [demonic ancestry]
  1961 | D:3      | Reached XP level 4. HP: 18/34 MP: 4/4
  2531 | D:3      | Found Noujoega's Antique Armour Shoppe.
  3026 | D:4      | Reached XP level 5. HP: 40/40 MP: 5/5
  3097 | D:4      | Slain by a gnoll

Illustrated notes

Levels and vault maps discovered:
D:1:      dpeg_arrival_lava_altar, layout_basic
D:2:      layout_basic, hellmonk_ecumenical_altar_lost_god
D:3:      layout_loops_ring, serial_shops, shop,
          corexii_item_surrounded_by_moat, serial_bayou_pond_a,
          kennysheep_generic_room_3
D:4:      layout_basic

Skill      XL: |  1  2  3  4  5 |
---------------+----------------+-----
Short Blades   | 3 |  3.9
Dodging        | 3 |  3.3
Armour         | 1 |  1.7
Fighting       | 3 |  3.0
Throwing       | |  1.7

Action                   |  1- 3 |  4- 6 || total
-------------------------+-------+-------++-------
Melee: Rapier            |   127 |    44 ||   171
       Punch             |     1 |     1 ||     2
  Use: Scroll            |     6 |       ||     6
 Stab: Sleeping          |     1 |     3 ||     4
Armor: Leather armour    |    53 |     9 ||    62
Dodge: Dodged            |   102 |    13 ||   115

Table legend: (Time is in decaauts)
 A = Elapsed time spent in this place.
 B = Non-inter-level travel time spent in this place.
 C = Inter-level travel time spent in this place.
 D = Time resting spent in this place.
 E = Time spent auto-exploring this place.
 F = Levels seen in this place.
 G = Mean time per level.
                   A        B        C        D        E       F      G
               +--------+--------+--------+--------+--------+-----+--------+
         Total |   3101 |   3008 |     93 |    471 |   2150 |   4 |  775.2 |
       Dungeon |   3101 |   3008 |     93 |    471 |   2150 |   4 |  775.2 |
               +--------+--------+--------+--------+--------+-----+--------+

Top non-repeatable levels by time:
     D:2: 1185 daAuts
     D:3: 1004 daAuts
     D:1: 676 daAuts
     D:4: 235 daAuts
